 Dungeon Crawl Stone Soup version 0.29.1-1-gd02db6906a (webtiles) character file.

Game seed: 2958375774683435941

434 lonewolfV2 the Covered (level 6, -2/51 HPs)
             Began as a Palentonga Fighter on Oct 14, 2022.
             Slain by a gnoll sergeant
             ... wielding a +2 trident of freezing
              (15 damage)
             ... on level 5 of the Dungeon.
             The game lasted 00:07:36 (5105 turns).

lonewolfV2 the Covered (Palentonga Fighter)         Turns: 5105, Time: 00:07:36

Health: -2/51      AC:  8    Str: 26    XL:     6   Next: 68%
Magic:  15/15      EV:  8    Int:  8    God:
Gold:   185        SH:  4    Dex:  9    Spells: 5/5 levels left

rFire   . . .      SeeInvis +   i - +3 quick blade of False Hope {freeze, rElec Will+ Str+2}
rCold   . . .      Faith    .   c - +0 buckler
rNeg    . . .      Spirit   .   b - +1 scale mail
rPois   .          Reflect  .   (no helmet)
rElec   +          Harm     .   (no cloak)
rCorr   .          Rampage  .   (no gloves)
Will    +....                   (no barding)
Stlth   ..........              (no amulet)
HPRegen 0.17/turn               f - ring of magical power
MPRegen 0.14/turn               l - +4 ring of slaying

@: no status effects
A: large, rugged brown scales 3, see invisible, deformed body, roll 1, armoured
tail
a: Rolling Charge


You were on level 5 of the Dungeon.
You visited 1 branch of the dungeon, and saw 5 of its levels.

You collected 185 gold pieces.

Inventory:

Hand Weapons
 a - a +0 war axe of draining
 i - the +3 quick blade of False Hope (weapon) {freeze, rElec Will+ Str+2}
   (You acquired it on level 1 of the Dungeon)

   It freezes those it strikes, dealing additional cold damage.
   It can also slow down cold-blooded creatures.
   Str:       It affects your strength (+2).
   rElec:     It insulates you from electricity.
   Will:      It increases your willpower.
Armour
 b - a +1 scale mail (worn)
 c - a +0 buckler (worn)
Jewellery
 f - a ring of magical power (left hand)
 l - a +4 ring of slaying (right hand)
Wands
 o - a wand of flame (14)
Scrolls
 j - 4 scrolls of amnesia
 u - 4 scrolls of enchant armour
 v - a scroll of immolation
Potions
 d - a potion of might
 e - 4 potions of heal wounds
 g - a potion of lignification
 h - a potion of resistance
 k - 4 potions of curing
 m - a potion of magic {unknown}
 n - a potion of cancellation {unknown}
 q - a potion of degeneration {unknown}
 r - a potion of brilliance {unknown}
 w - a potion of invisibility {unknown}


   Skills:
 + Level 4.2 Fighting
 + Level 2.7 Short Blades
 + Level 2.4 Axes
 + Level 4.2 Armour
 + Level 1.1 Dodging
 + Level 0.3 Stealth
 + Level 3.4 Shields


You had 5 spell levels left.
You didn't know any spells.
Your spell library contained the following spells:

 Spells                   Type           Power      Damage    Failure   Level
 Ensorcelled Hibernation  Hex/Ice        0%         N/A       88%         2
 Passwall                 Tmut/Erth      0%         N/A       88%         2
 Swiftness                Air            0%         N/A       98%         3


Dungeon Overview and Level Annotations

Branches:
Dungeon (5/15)
 Temple: D:4-7

Altars:
Hepliaklqana
Okawaru
Vehumet

Shops:
D:2 *


Innate Abilities, Weirdness & Mutations

You are completely covered in rugged brown scales. (AC +3, +7% HP)
You have supernaturally acute eyesight. (SInv)
Armour fits poorly on your strangely shaped body.
You can roll at nearby foes to attack.
You have a long armoured tail.


Message History

The hound closely misses you.
You hit the hound. You freeze the hound.
The hound is severely wounded.
The hound bites you.
You closely miss the hound.
Your tail-slap misses the hound.
The hound is severely wounded.
The hound bites you.
You hit the hound but do no damage.
The hound is severely wounded.
The hound barely misses you.
You closely miss the hound.
The hound is severely wounded.
You closely miss the hound.
The hound is severely wounded.
The hound closely misses you.
You puncture the hound! You freeze the hound.
You kill the hound!
There is a stone staircase leading up here.
There is an escape hatch in the floor here.
Found a radiant altar of Vehumet.
Found a scroll of poison.
A gnoll sergeant comes into view.
It is wielding a +2 trident of freezing.
The gnoll sergeant shouts!
You hear a shout! x3
A gnoll sergeant is nearby!
Why would you want to do that? Why would you want to do that?
Why would you want to do that? Why would you want to do that?
The gnoll sergeant throws a boomerang.
The boomerang hits you!
The gnoll sergeant throws a boomerang.
The boomerang hits you!
The gnoll sergeant throws a boomerang.
The boomerang hits you but does no damage.
The gnoll sergeant throws a boomerang.
The boomerang hits you!
The gnoll sergeant throws a boomerang.
The boomerang barely misses you.
A gnoll comes into view. It is wielding a +0 flail.
The gnoll sergeant hits you from afar with a +2 trident of freezing.
The gnoll sergeant freezes you.
* * * LOW HITPOINT WARNING * * *
The gnoll sergeant hits you from afar with a +2 trident of freezing!
You die...

#........
#.≈≈≈≈≈≈≈.# .##
#≈..≈≈≈..≈#
...#####≈g≈...≈.≈#
.......#≈.≈._?≈.≈#
.......#≈.≈...≈.≈#
.......#≈.g≈≈≈$.≈#
.......#.≈≈≈≈≈≈≈.#
.......#...@.....#
####..#########.#
#.....# # #####.#
#<# #.# #.# #.#
#.# #.###
###.###...#
#..>..###>#


You could see a gnoll sergeant and a gnoll.

Vanquished Creatures
  A phantom (D:5)
  A howler monkey (D:5)
  A hound (D:5)
  2 iguanas (D:4)
  2 orc wizards
  2 gnolls
  7 adders
  2 worms (D:4)
  5 dart slugs
  6 orcs
  5 bats
  4 endoplasms
  5 giant cockroaches
  6 goblins
  10 hobgoblins
  5 jackals
  5 kobolds
  2 quokkas (D:3)
  13 ball pythons
  4 frilled lizards
  5 rats
93 creatures vanquished.

Notes
Turn   | Place    | Note
-------+----------+-------------------------------------------
     0 | D:1      | lonewolfV2 the Palentonga Fighter began the quest for the
                  | Orb.
     0 | D:1      | Reached XP level 1. HP: 19/19 MP: 1/1
   173 | D:1      | Found a faded altar of an unknown god.
   426 | D:1      | Reached XP level 2. HP: 25/25 MP: 2/2
   700 | D:1      | Identified a scroll of acquirement
   700 | D:1      | Acquired the +3 quick blade of False Hope {freeze, rElec
                  | Will+ Str+2}
  1119 | D:2      | Reached XP level 3. HP: 28/31 MP: 3/3
  1340 | D:2      | Found Jiuwikk's Assorted Antiques.
  2168 | D:2      | Identified the +1 robe "Pylegir" {rElec rC- rN+++ Int-3}
  2187 | D:2      | Reached XP level 4. HP: 37/37 MP: 4/4
  2875 | D:3      | Reached XP level 5. HP: 44/44 MP: 5/5
  3363 | D:3      | Found an iron altar of Okawaru.
  3371 | D:3      | Reached skill level 1 in Short Blades
  3517 | D:3      | You fall into a shaft and drop 1 floor!
  3843 | D:4      | Found a faded altar of an unknown god.
  3843 | D:4      | Found a faded altar of an unknown god.
  3843 | D:4      | Found a hazy altar of Hepliaklqana.
  3845 | D:4      | Found a faded altar of an unknown god.
  4454 | D:4      | Reached XP level 6. HP: 51/51 MP: 6/6
  4900 | D:5      | Entered Level 5 of the Dungeon
  4915 | D:5      | Reached skill level 1 in Dodging
  5090 | D:5      | Found a radiant altar of Vehumet.
  5105 | D:5      | Slain by a gnoll sergeant

Illustrated notes

Levels and vault maps discovered:
D:1:      lightli_arrival_boilingwater, layout_basic,
          hellmonk_ecumenical_altar_defaced_shrine, supply_closet_lemuel,
          minmay_misc_feat_alley
D:2:      layout_loops_corners, serial_shops, shop, nrook_loot_triangle,
          minmay_quantized
D:3:      layout_basic, okawaru_altar_gauntlet_db, minmay_strange_pillars
D:4:      layout_basic, nicolae_hepliaklqana_ecumenical_no_more, minivault_26,
          minmay_unequal
D:5:      layout_basic, grunt_temple_overflow_forces_of_nature,
          lemuel_coloured_pillars_altar, mainiacjoe_overflow_paths,
          dk_rats_in_the_wall

Skill      XL: |  1  2  3  4  5  6 |
---------------+-------------------+-----
Shields        | 3 |  3.4
Armour         | 3 4 |  4.2
Short Blades   | 2 |  2.7
Fighting       | 4 |  4.2
Dodging        | 1 |  1.1
Axes           | |  2.4
Stealth        | |  0.3

Action                   |  1- 3 |  4- 6 || total
-------------------------+-------+-------++-------
Melee: War axe           |    25 |       ||    25
       Tailslap          |     7 |    15 ||    22
       Quick blade       |    41 |   147 ||   188
 Abil: Rolling Charge    |     2 |     3 ||     5
  Use: Scroll            |     6 |     7 ||    13
Armor: Scale mail        |    38 |    72 ||   110
Dodge: Dodged            |    33 |    47 ||    80
Block: Buckler           |    11 |    32 ||    43
